ITL
HAVANA ROLLERS @ DETROIT X-WINGS
08/21/2029
 
TOP OF THE 1ST
Havana Rollers batting - Pitching for Detroit X-Wings : RHP Dylan Versluis
Pitching: RHP Dylan Versluis
Batting: LHB José Torres 0-0: Ball
1-0: Fly out, F4 (Popup, 4M)
Batting: RHB Soshu Nakamura 0-0: Called Strike
0-1: Swinging Strike
0-2: Ball
1-2: Ground out 6-3 (Groundball, 56)
Batting: LHB Dusty Wilson 0-0: Ball
1-0: Ball
2-0: Foul Ball, location: 2F
2-1: Ground out 4-3 (Groundball, 4)
Top of the 1st over - 0 runs, 0 hits, 0 errors, 0 left on base; Havana 0 - Detroit 0
BOTTOM OF THE 1ST
Detroit X-Wings batting - Pitching for Havana Rollers : RHP José García
Pitching: RHP José García
Batting: RHB Donato Gozende 0-0: Called Strike
0-1: Called Strike
0-2: Foul Ball, location: 2F
0-2: Ball
1-2: Ground out 4-3 (Groundball, 4)
Batting: RHB Enrique Aguilar 0-0: Ball
1-0: Ball
2-0: Foul Ball, location: 2F
2-1: Ball
3-1: Swinging Strike
3-2: Foul Ball, location: 2F
3-2: Ground out 1-3 (Groundball, 13S)
Batting: SHB Barrett Bowden 0-0: Called Strike
0-1: Ball
1-1: Foul Ball, location: 2F
1-2: SINGLE (Flyball, 78M)
Batting: LHB Garrett King 0-0: Fly out, F8 (Flyball, 8RM)
Bottom of the 1st over - 0 runs, 1 hit, 0 errors, 1 left on base; Havana 0 - Detroit 0
TOP OF THE 2ND
Havana Rollers batting - Pitching for Detroit X-Wings : RHP Dylan Versluis
Batting: RHB Brant Sherman 0-0: Called Strike
0-1: Ball
1-1: Called Strike
1-2: Ball
2-2: Strikes out swinging
Batting: SHB Yasuhiro Ikarashi 0-0: Ball
1-0: Ball
2-0: Foul Ball, location: 2F
2-1: SINGLE (Line Drive, 4MD)
Batting: RHB Tommy Davenport 0-0: Ball
1-0: Ball
2-0: Ground out 3-1 (Groundball, 34S)
Yasuhiro Ikarashi to second
Batting: LHB Shiro Ueno 0-0: Called Strike
0-1: Swinging Strike
0-2: Foul Ball, location: 2F
0-2: Ball
1-2: Reached on error, E4 (Groundball, 4)
Yasuhiro Ikarashi to third
Batting: RHB Mitsuharu Matsumoto 0-0: Called Strike
0-1: Foul Ball, location: 2F
0-2: Ball
1-2: Fielders Choice at 2nd, 6-4 (Groundball, 56)
Top of the 2nd over - 0 runs, 1 hit, 1 error, 2 left on base; Havana 0 - Detroit 0
BOTTOM OF THE 2ND
Detroit X-Wings batting - Pitching for Havana Rollers : RHP José García
Batting: RHB Chet Decker 0-0: Called Strike
0-1: Swinging Strike
0-2: Foul Ball, location: 2F
0-2: Strikes out looking
Batting: RHB José Pérez 0-0: Called Strike
0-1: Foul Ball, location: 2F
0-2: Fly out, F8 (Flyball, 8RD)
Batting: SHB Felipe Detorres 0-0: Ball
1-0: Ball
2-0: Ball
3-0: Base on Balls
Batting: RHB Mario Solís 0-0: Ball
1-0: Called Strike
1-1: Swinging Strike
1-2: Strikes out swinging
Bottom of the 2nd over - 0 runs, 0 hits, 0 errors, 1 left on base; Havana 0 - Detroit 0
TOP OF THE 3RD
Havana Rollers batting - Pitching for Detroit X-Wings : RHP Dylan Versluis
Batting: RHB Ken MacDonald 0-0: Foul Ball, location: 2F
0-1: Fly out, F6 (Line Drive, 6M)
Batting: LHB José Torres 0-0: Ground out 4-3 (Groundball, 4)
Batting: RHB Soshu Nakamura 0-0: Ball
1-0: Ball
2-0: Called Strike
2-1: Ball
3-1: Base on Balls
Batting: LHB Dusty Wilson 0-0: Called Strike
0-1: SINGLE (Flyball, 8RM)
Soshu Nakamura to second
Batting: RHB Brant Sherman 0-0: Ball
1-0: Called Strike
1-1: Reached on error, E1 (Groundball, 15S)
Soshu Nakamura scores
Dusty Wilson to third
Batting: SHB Yasuhiro Ikarashi 0-0: Ground out 3-1 (Groundball, 34S)
Top of the 3rd over - 1 run, 1 hit, 1 error, 2 left on base; Havana 1 - Detroit 0
BOTTOM OF THE 3RD
Detroit X-Wings batting - Pitching for Havana Rollers : RHP José García
Batting: RHB Raúl Flores 0-0: Called Strike
0-1: Foul Ball, location: 2F
0-2: Strikes out swinging
Batting: RHB Donato Gozende 0-0: Called Strike
0-1: Swinging Strike
0-2: Ball
1-2: Strikes out swinging
Batting: RHB Enrique Aguilar 0-0: Foul Ball, location: 2F
0-1: SINGLE (Groundball, 56D)
Batting: SHB Barrett Bowden 0-0: Ball
1-0: Ball
2-0: Ball
3-0: Called Strike
3-1: Called Strike
3-2: Foul Ball, location: 2F
3-2: Base on Balls
Enrique Aguilar to second
Batting: LHB Garrett King 0-0: Ball
1-0: Ground out 4-3 (Groundball, 4)
Bottom of the 3rd over - 0 runs, 1 hit, 0 errors, 2 left on base; Havana 1 - Detroit 0
TOP OF THE 4TH
Havana Rollers batting - Pitching for Detroit X-Wings : RHP Dylan Versluis
Batting: RHB Tommy Davenport 0-0: Ball
1-0: Ball
2-0: Swinging Strike
2-1: Ball
3-1: Base on Balls
Batting: LHB Shiro Ueno 0-0: Ball
1-0: Called Strike
1-1: Swinging Strike
1-2: SINGLE (Line Drive, 34)
Tommy Davenport to second
Runner from 2nd tries for 3rd, SAFE, throw made to third
Batting: RHB Mitsuharu Matsumoto 0-0: Called Strike
0-1: Ball
1-1: Called Strike
1-2: Foul Ball, location: 2F
1-2: Ball
2-2: Ball
3-2: Base on Balls
Shiro Ueno to second
Batting: RHB Ken MacDonald 0-0: Ball
1-0: Called Strike
1-1: Ball
2-1: Ball
3-1: Foul Ball, location: 2F
3-2: Foul Ball, location: 2F
3-2: Foul Ball, location: 2F
3-2: Foul Ball, location: 2F
3-2: Ground out 6-3 (Groundball, 6S)
Tommy Davenport scores
Shiro Ueno to third
Mitsuharu Matsumoto to second
Batting: LHB José Torres 0-0: Ball
1-0: SINGLE (Line Drive, 6MD)
Shiro Ueno scores
Mitsuharu Matsumoto to third
Batting: RHB Soshu Nakamura 0-0: Ball
1-0: Grounds into double play, 6-4-3 (Groundball, 6)
Top of the 4th over - 2 runs, 2 hits, 0 errors, 1 left on base; Havana 3 - Detroit 0
BOTTOM OF THE 4TH
Detroit X-Wings batting - Pitching for Havana Rollers : RHP José García
Batting: RHB Chet Decker 0-0: Fly out, F7 (Line Drive, 78D)
Batting: RHB José Pérez 0-0: Fly out, F7 (Flyball, 7)
Batting: SHB Felipe Detorres 0-0: Ball
1-0: Ground out 1-3 (Groundball, P)
Bottom of the 4th over - 0 runs, 0 hits, 0 errors, 0 left on base; Havana 3 - Detroit 0
TOP OF THE 5TH
Havana Rollers batting - Pitching for Detroit X-Wings : RHP Dylan Versluis
Batting: LHB Dusty Wilson 0-0: Ball
1-0: Called Strike
1-1: Ball
2-1: Foul Ball, location: 2F
2-2: Ball
3-2: Foul Ball, location: 2F
3-2: Base on Balls
Batting: RHB Brant Sherman 0-0: Ball
1-0: Called Strike
1-1: Swinging Strike
1-2: Ball
2-2: Strikes out looking
Batting: SHB Yasuhiro Ikarashi 0-0: Called Strike
0-1: Ball
1-1: Fly out, F3 (Line Drive, 34)
Lined into DP, U3 (Line Drive, 34)
Top of the 5th over - 0 runs, 0 hits, 0 errors, 0 left on base; Havana 3 - Detroit 0
BOTTOM OF THE 5TH
Detroit X-Wings batting - Pitching for Havana Rollers : RHP José García
Batting: RHB Mario Solís 0-0: Ball
1-0: Ball
2-0: Called Strike
2-1: Ground out 5-3 (Groundball, 56)
Batting: RHB Raúl Flores 0-0: Fly out, F4 (Flyball, 4MD)
Batting: RHB Donato Gozende 0-0: Foul Ball, location: 2F
0-1: Ball
1-1: Called Strike
1-2: Ball
2-2: SINGLE (Groundball, 6MD)
Batting: RHB Enrique Aguilar 0-0: Called Strike
0-1: 2-RUN HOME RUN (Flyball, 7D), Distance : 394 ft
Batting: SHB Barrett Bowden 0-0: Foul Ball, location: 2F
0-1: Foul Ball, location: 2F
0-2: Ball
1-2: Ball
2-2: Strikes out looking
Bottom of the 5th over - 2 runs, 2 hits, 0 errors, 0 left on base; Havana 3 - Detroit 2
TOP OF THE 6TH
Havana Rollers batting - Pitching for Detroit X-Wings : RHP Dylan Versluis
Batting: RHB Tommy Davenport 0-0: Ball
1-0: Ball
2-0: Called Strike
2-1: SINGLE (Groundball, 34D)
Batting: LHB Shiro Ueno 0-0: Ball
1-0: Ball
2-0: Swinging Strike
2-1: Foul Ball, location: 2F
2-2: Ball
3-2: Foul Ball, location: 2F
3-2: Foul Ball, location: 2F
3-2: Base on Balls
Tommy Davenport to second
Batting: RHB Mitsuharu Matsumoto 0-0: Foul Ball, location: 2F
0-1: Ball
1-1: Ball
2-1: Ball
3-1: Ground out 5-3 (Groundball, 5)
Tommy Davenport to third
Shiro Ueno to second
Batting: RHB Ken MacDonald 0-0: Called Strike
0-1: Foul Ball, location: 2F
0-2: Strikes out swinging
Batting: LHB José Torres 0-0: Called Strike
0-1: Foul Ball, location: 2F
0-2: SINGLE (Groundball, 34D)
Tommy Davenport scores
Shiro Ueno to third
Runner from 3rd tries for Home, SAFE, throw made home
Batting: RHB Soshu Nakamura 0-0: SINGLE (Groundball, 34D)
José Torres to second
Runner from 2nd tries for 3rd, SAFE, no throw
Pitching: RHP Lance Sanders
Batting: LHB Dusty Wilson 0-0: Called Strike
0-1: Foul Ball, location: 2F
0-2: Ball
1-2: Ball
Pickoff Throw to First - Out!
Top of the 6th over - 2 runs, 3 hits, 0 errors, 1 left on base; Havana 5 - Detroit 2
BOTTOM OF THE 6TH
Detroit X-Wings batting - Pitching for Havana Rollers : RHP José García
Batting: LHB Garrett King 0-0: Called Strike
0-1: Ball
1-1: Called Strike
1-2: Strikes out swinging
Batting: RHB Chet Decker 0-0: Foul Ball, location: 2F
0-1: Ball
1-1: Fly out, F8 (Flyball, 8LD)
Batting: RHB José Pérez 0-0: Swinging Strike
0-1: Called Strike
0-2: Foul Ball, location: 2F
0-2: Foul Ball, location: 2F
0-2: Ball
1-2: Ball
2-2: Foul Ball, location: 2F
2-2: Foul Ball, location: 2F
2-2: Foul Ball, location: 2F
2-2: Reached on error, E5 (Groundball, 5S)
Batting: SHB Felipe Detorres 0-0: Ball
1-0: Ball
2-0: TRIPLE (Line Drive, 89XD)
José Pérez scores
Pitching: RHP Brad Sharpe
Batting: RHB Mario Solís 0-0: Ball
1-0: Ball
2-0: Foul Ball, location: 2F
2-1: Ball
3-1: Foul Ball, location: 2F
3-2: Base on Balls
Batting: RHB Raúl Flores 0-0: Ball
1-0: Called Strike
1-1: Swinging Strike
1-2: Strikes out looking
Bottom of the 6th over - 1 run, 1 hit, 1 error, 2 left on base; Havana 5 - Detroit 3
TOP OF THE 7TH
Havana Rollers batting - Pitching for Detroit X-Wings : RHP Lance Sanders
Batting: LHB Dusty Wilson 0-0: Swinging Strike
0-1: Swinging Strike
0-2: Foul Ball, location: 2F
0-2: Ground out 3-1 (Groundball, 34)
Batting: RHB Brant Sherman 0-0: Called Strike
0-1: Ball
1-1: Called Strike
1-2: Ball
2-2: Ball
3-2: Foul Ball, location: 2F
3-2: Foul Ball, location: 2F
3-2: Base on Balls
Batting: SHB Yasuhiro Ikarashi 0-0: Called Strike
0-1: Called Strike
0-2: Strikes out swinging
Batting: RHB Tommy Davenport 0-0: Ball
1-0: Ball
2-0: Foul Ball, location: 2F
2-1: Ball
3-1: Base on Balls
Brant Sherman to second
Batting: LHB Shiro Ueno 0-0: Called Strike
0-1: Ball
1-1: Ball
2-1: Called Strike
2-2: SINGLE (Flyball, 7LS)
Brant Sherman to third
Tommy Davenport to second
Runner from 3rd tries for Home, SAFE, throw made at trailing runner, OUT at third!
Top of the 7th over - 1 run, 1 hit, 0 errors, 1 left on base; Havana 6 - Detroit 3
BOTTOM OF THE 7TH
Detroit X-Wings batting - Pitching for Havana Rollers : RHP Brad Sharpe
Batting: RHB Donato Gozende 0-0: Foul Ball, location: 2F
0-1: Hit by Pitch
Batting: RHB Enrique Aguilar 0-0: Ball
1-0: Ball
2-0: Ball
3-0: Called Strike
3-1: Grounds into double play, 6-4-3 (Groundball, 6)
Batting: SHB Barrett Bowden 0-0: Ball
1-0: Foul Ball, location: 2F
1-1: Swinging Strike
1-2: Ground out 4-3 (Groundball, 4)
Bottom of the 7th over - 0 runs, 0 hits, 0 errors, 0 left on base; Havana 6 - Detroit 3
TOP OF THE 8TH
Havana Rollers batting - Pitching for Detroit X-Wings : RHP Lance Sanders
Batting: RHB Mitsuharu Matsumoto 0-0: Ball
1-0: Ball
2-0: Ball
3-0: Base on Balls
Batting: RHB Ken MacDonald 0-0: Bunted foul
0-1: Ball
1-1: Reached on error, E2 (Groundball, 2R)
Mitsuharu Matsumoto to third
Batting: LHB José Torres 0-0: Called Strike
0-1: Ball
1-1: Ground out 6-3 (Groundball, 6)
Pitching: LHP Javier Duarte
Batting: RHB Soshu Nakamura 0-0: Ball
1-0: Foul Ball, location: 2F
1-1: Ball
2-1: Swinging Strike
2-2: SINGLE (Line Drive, 9LS)
Mitsuharu Matsumoto scores
Ken MacDonald to third
Runner from 3rd tries for Home, SAFE, no throw
Batting: LHB Dusty Wilson 0-0: Ball
1-0: Called Strike
1-1: Ball
Soshu Nakamura is caught stealing 2nd base
2-1: Fly out, F8 (Line Drive, 8RS)
Top of the 8th over - 2 runs, 1 hit, 1 error, 0 left on base; Havana 8 - Detroit 3
BOTTOM OF THE 8TH
Detroit X-Wings batting - Pitching for Havana Rollers : RHP Brad Sharpe
Batting: LHB Garrett King 0-0: Called Strike
0-1: Called Strike
0-2: Ground out 5-3 (Groundball, 56)
Batting: RHB Chet Decker 0-0: Called Strike
0-1: Ground out 4-3 (Groundball, 4M)
Batting: RHB José Pérez 0-0: Ball
1-0: Ground out 5-3 (Groundball, 56)
Bottom of the 8th over - 0 runs, 0 hits, 0 errors, 0 left on base; Havana 8 - Detroit 3
TOP OF THE 9TH
Havana Rollers batting - Pitching for Detroit X-Wings : LHP Javier Duarte
Pitching: RHP Charlie Alexander
Batting: RHB Brant Sherman 0-0: Called Strike
0-1: Called Strike
0-2: Foul Ball, location: 2F
0-2: Fly out, F5 (Popup, 56S)
Batting: SHB Yasuhiro Ikarashi 0-0: Ball
1-0: Ball
2-0: Ball
3-0: Called Strike
3-1: Foul Ball, location: 2F
3-2: Foul Ball, location: 2F
3-2: Ground out 6-3 (Groundball, 6)
Batting: RHB Tommy Davenport 0-0: Fly out, F8 (Line Drive, 8LM)
Top of the 9th over - 0 runs, 0 hits, 0 errors, 0 left on base; Havana 8 - Detroit 3
BOTTOM OF THE 9TH
Detroit X-Wings batting - Pitching for Havana Rollers : RHP Brad Sharpe
Now at SS: Chad Case
Batting: SHB Felipe Detorres 0-0: Swinging Strike
0-1: Called Strike
0-2: Fly out, F7 (Line Drive, 78D)
Batting: RHB Mario Solís 0-0: Swinging Strike
0-1: Swinging Strike
0-2: Foul Ball, location: 2F
0-2: Strikes out swinging
Batting: RHB Raúl Flores 0-0: Ball
1-0: Fly out, F9 (Flyball, 89S)
Bottom of the 9th over - 0 runs, 0 hits, 0 errors, 0 left on base; Havana 8 - Detroit 3
Saturday, December 16th, 2017 - OOTP Baseball 18.8 Build 76